 Dungeon Crawl Stone Soup version 0.14.0-17-gc0b17a5 (webtiles) character file.

63 zercules the Stinger (level 2, -2/20 HPs)
             Began as a Ghoul Venom Mage on Apr 19, 2014.
             Slain by an adder (3 damage)
             ... on Level 2 of the Dungeon.
             The game lasted 00:05:05 (705 turns).

zercules the Stinger (Ghoul Venom Mage)              Turns: 705, Time: 00:05:05

HP  -2/20        AC  2     Str 11      XL: 2   Next: 79%
MP   5/5         EV 12     Int 10      God:
Gold 43          SH  0     Dex  9      Spells:  1 memorised,  4 levels left

rFire  . . .     SeeInvis .     c - +1,+0 whip (venom)
rCold  + . .     Clarity  .     a - +0 robe
rNeg   + + +     Conserve .     (no shield)
rPois  +         rCorr    .     (no helmet)
rElec  .         rRot     +     (no cloak)
SustAb . .       Spirit   .     (no gloves)
rMut   .         Warding  .     (no boots)
Saprov + + +     Stasis   .     (no amulet)
MR     .....                    (no ring)
                                (no ring)

@: rotting, not resistant to hostile enchantments, unstealthy
A: rotting body, claws 1, carnivore 3, cold resistance 1, life protection 3,
poison resistance, saprovore 3, slow healing 1, torment resistance, unbreathing
a: no special abilities


You were on level 2 of the Dungeon.
You were not hungry.

You visited 1 branch of the dungeon, and saw 2 of its levels.

You collected 43 gold pieces.

Inventory:

Hand weapons
 c - a +1,+0 whip of venom (weapon)
Armour
 a - a +0 robe (worn)
Comestibles
 f - 2 meat rations
Scrolls
 e - a scroll of amnesia {unknown}
 g - a scroll of identify {unknown}
 h - a scroll of enchant armour {unknown}
 i - a scroll of enchant weapon II {unknown}
 j - a scroll of enchant weapon I {unknown}
 k - a scroll of magic mapping
 l - a scroll of teleportation {unknown}
 m - a scroll of immolation {unknown}
Potions
 d - a potion of curing {unknown}
Books
 b - a Young Poisoner's Handbook

   Spells                             Type                      Level
   *Sting                             Conjuration/Poison           1
   Cure Poison                        Poison                       2
   Mephitic Cloud                     Conjuration/Poison/Air       3
   Olgreb's Toxic Radiance            Poison                       4
   Venom Bolt                         Conjuration/Poison           5


   Skills:
 + Level 1.2 Maces & Flails
 - Level 1.7 Dodging
 - Level 2.1 Stealth
 + Level 2.3 Spellcasting
 - Level 4.0 Poison Magic


You had 4 spell levels left.
You knew the following spells:

 Your Spells              Type           Power        Failure   Level  Hunger
a - Sting                 Conj/Pois      #...         14%         1    ##.....


Dungeon Overview and Level Annotations

Branches:
Dungeon (2/15)

Altars:


Innate Abilities, Weirdness & Mutations

Your body is rotting away.
You have sharp fingernails.
You are carnivorous and can eat meat at any time.
Your flesh is cold resistant.
You are immune to negative energy.
Your system is resistant to poisons.
You thrive on rotten meat.
You heal slowly when monsters are visible.
You are immune to unholy pain and torment.
You can survive without breathing.


Message History

This raw flesh tastes good!
Magic restored.
m - a scroll labeled CIHARUADONI
Found a bread ration and 4 gold pieces.
Found a glowing whip.
You now have 43 gold pieces (gained 4).
A kobold comes into view. It is wielding a club.
The kobold shouts!
An adder comes into view.
The adder bites you. The kobold misses you. The adder bites you.
You miss the adder. The kobold misses you. The adder bites you.
* * * LOW HITPOINT WARNING * * *
You barely miss the adder. The adder bites you.
* * * LOW HITPOINT WARNING * * *
The kobold barely misses you.
Read which item? (? for menu, Esc to quit)
As you read the scroll labeled XOIGGI NEWKOR, it crumbles to dust.
You feel aware of your surroundings.
It was a scroll of magic mapping.
The adder misses you. The kobold barely misses you. The adder bites you.
You die...

..............#..........,,,**,,,
..............#..........,,,**,,,
..............#..........,,,,,,,,
..............#...##.....,,,,,,,,
..........%...#...##,...,,,,,,,,,
....)..............#,...,,,,,,,,*
..........####.....#.....,,,,,,,*
..........#..........#***,,,,,,,*
##'#..........#.@....#*,,,,,,,,,,
..<#...........KS)...#*,******,,,
##.#....................,,,,,*,,,
...#....................,,,,,*,,,
####....................,,,,,*,,,
,,,..####*#.....##.....,,,,,,,,,,
,,,,..,,,,,.....,,....,,,,,,,,,,,
,,,,.,,,,,,,....,,...,,,,,,,,,,,,
,,,,,,,,,,,,**,.,,,,,,,,,,,,,*,,,


You could see an adder and a kobold.

Vanquished Creatures
  A giant gecko (D:2)
  2 bats (D:1)
  A giant cockroach (D:1)
  5 goblins
  5 hobgoblins
  A kobold (D:1)
  2 rats
17 creatures vanquished.

Notes
Turn   | Place    | Note
--------------------------------------------------------------
     0 | D:1      | zercules, the Ghoul Venom Mage, began the quest for the Orb.
     0 | D:1      | Reached XP level 1. HP: 14/14 MP: 2/2
   137 | D:1      | Reached XP level 2. HP: 7/19 MP: 2/4
   477 | D:1      | Reached skill level 1 in Maces & Flails
   704 | D:2      | HP: 1/20 [adder (5)]
   705 | D:2      | Slain by an adder

Action                   || total
-------------------------++-------
Melee: Whip              ||    63
 Cast: Sting             ||     4
  Use: Scroll            ||     1
